 Dungeon Crawl Stone Soup version 0.29.0-4-gdea44cf6ec (webtiles) character file.

Game seed: 8293520087942425978

18 qw the Chopper (level 2, 0/17 HPs)
             Began as a Tengu Warper on Aug 28, 2022.
             Succumbed to an adder's poison
             ... on level 2 of the Dungeon.
             The game lasted 00:00:05 (1347 turns).

qw the Chopper (Tengu Warper)                       Turns: 1347, Time: 00:00:06

Health: 0/17       AC:  3    Str: 11    XL:     2   Next: 70%
Magic:  6/6        EV: 11    Int: 13    God:
Gold:   23         SH:  0    Dex: 13    Spells: 5/5 levels left

rFire   . . .      SeeInvis .   Y - +0 hand axe
rCold   . . .      Faith    .   (no shield)
rNeg    . . .      Spirit   .   b - +0 leather armour
rPois   .          Reflect  .   (helmet restricted)
rElec   .          Harm     .   (no cloak)
rCorr   .          Rampage  .   (no gloves)
Will    .....                   (boots unavailable)
Stlth   +.........              (no amulet)
HPRegen 0.05/turn               (no ring)
MPRegen 0.10/turn               (no ring)

@: lethally poisoned (0 -> -8)
A: beak, talons 3
a: no special abilities


You were on level 2 of the Dungeon.
You visited 1 branch of the dungeon, and saw 2 of its levels.

You collected 23 gold pieces.


Innate Abilities, Weirdness & Mutations

You have a beak for a mouth.
You have claws for feet.


   Skills:
 - Level 2.0 Fighting
 + Level 3.5 Axes
 - Level 1.0 Throwing
 - Level 1.1 Armour
 - Level 2.1 Dodging
 - Level 2.0 Spellcasting
 - Level 2.4 Translocations


You had 5 spell levels left.
You didn't know any spells.
Your spell library contained the following spells:

 Spells                   Type           Power      Damage    Failure   Level
 Blink                    Tloc           14%        N/A       19%         2
 Gell's Gravitas          Tloc           7%         N/A       36%         3
 Lesser Beckoning         Tloc           7%         N/A       36%         3
 Teleport Other           Tloc           7%         N/A       36%         3
 Manifold Assault         Tloc           7%         N/A       98%         5

Inventory:

Hand Weapons
 d - a +0 mace
 Y - a +0 hand axe (weapon)
Armour
 b - a +0 leather armour (worn)
Scrolls
 a - 4 scrolls of identify
 c - a scroll of teleportation {unknown}
Potions
 e - a potion of curing
 f - a potion of heal wounds {unknown}

Dungeon Overview and Level Annotations

Branches:
Dungeon (2/15)

Altars:

Shops:
D:1 ***[


Message History

There is an open door here.
You see here a +0 leather armour.
An endoplasm comes into view.
The endoplasm quivers.
You hit the endoplasm but do no damage. The endoplasm closely misses you.
You hit the endoplasm. You claw the endoplasm.
You kill the endoplasm!
An adder comes into view.
Enter note:
Enter note: The adder closely misses you.
You barely miss the adder. You peck the adder, but do no damage.
The adder barely misses you.
You barely miss the adder. Your kick misses the adder. The adder bites you.
You are poisoned.
The adder poisons you! The adder misses you.
You closely miss the adder. Your kick misses the adder.
You feel sick. The adder bites you but does no damage.
You closely miss the adder. You claw the adder. Your peck misses the adder.
The adder is moderately wounded.
You feel sick. The adder barely misses you. x2
You barely miss the adder. Your kick misses the adder.
The adder is moderately wounded.
You feel sick. The adder bites you.
You closely miss the adder. You claw the adder.
The adder is severely wounded.
You feel sick.
You are no longer poisoned.
The adder bites you but does no damage. The adder bites you.
You hit the adder but do no damage. Your kick misses the adder.
Your peck misses the adder.
The adder is severely wounded.
The adder bites you.
You are lethally poisoned!
The adder poisons you!
You closely miss the adder. You claw the adder, but do no damage.
The adder is severely wounded.
You die...

###
##############.###
#.................
#.################
#.# #######.#
#.......#
#+##....#
.......@#
.......S#
........#
........#
..##....# ..
#....# .....#
.......


You could see an adder.

Vanquished Creatures
  3 endoplasms
  A giant cockroach (D:2)
  2 hobgoblins
  3 quokkas
  3 ball pythons
  A bat (D:1)
  3 rats (D:1)
16 creatures vanquished.

Notes
Turn   | Place    | Note
-------+----------+-------------------------------------------
     0 | D:1      | qw the Tengu Warper began the quest for the Orb.
     0 | D:1      | Reached XP level 1. HP: 12/12 MP: 4/4
     0 | D:1      | 0 ||| qw: Version: 0.1-a-89-g26bdef1
     0 | D:1      | 0 ||| qw: Game counter: 2143
     0 | D:1      | 0 ||| qw: Always use a shield: true
     0 | D:1      | 0 ||| qw: God list: Okawaru
     0 | D:1      | 0 ||| qw: Allow faded altars: false
     0 | D:1      | 0 ||| qw: Do Orc after D:15 true
     0 | D:1      | 0 ||| qw: Do second Lair branch before Depths: true
     0 | D:1      | 0 ||| qw: Lair rune preference: random
     0 | D:1      | 0 ||| qw: Plans: Normal
     0 | D:1      | 0 ||| PLANNING D:1-11
   297 | D:1      | Found Wytria Puus's Armour Boutique.
   304 | D:1      | 304 ||| SHOPLISTING +0 chain mail (54 gold, have 16).
   304 | D:1      | 304 ||| SHOPLISTING +0 pair of gloves (54 gold, have 16).
   304 | D:1      | 304 ||| SHOPLISTING +0 ring mail (48 gold, have 16).
   304 | D:1      | 304 ||| SHOPLISTING +1 chain mail of fire resistance (198
                  | gold, have 16).
   304 | D:1      | 304 ||| SHOPLISTING +2 chain mail of cold resistance (258
                  | gold, have 16).
   582 | D:1      | Found Risocweu's Assorted Antiques.
   591 | D:1      | 591 ||| SHOPLISTING 2 smoky brown potions (36 gold, have
                  | 16).
   591 | D:1      | 591 ||| SHOPLISTING 3 scrolls labelled BOADOVUYMU (60 gold,
                  | have 16).
   591 | D:1      | 591 ||| SHOPLISTING brass ring (100 gold, have 16).
   591 | D:1      | 591 ||| SHOPLISTING scroll labelled LOEMAH FEIG (20 gold,
                  | have 16).
   730 | D:1      | Found Foew's Assorted Antiques.
   740 | D:1      | 740 ||| SHOPLISTING murky inky potion (20 gold, have 16).
   740 | D:1      | 740 ||| SHOPLISTING scroll labelled BOTINICORY (23 gold,
                  | have 16).
   740 | D:1      | 740 ||| SHOPLISTING scroll labelled RAEKAECURY (23 gold,
                  | have 16).
   740 | D:1      | 740 ||| SHOPLISTING yellow potion (20 gold, have 16).
   779 | D:1      | Found Lumag's Assorted Antiques.
   787 | D:1      | 787 ||| SHOPLISTING 3 scrolls labelled RAEKAECURY (66 gold,
                  | have 16).
   787 | D:1      | 787 ||| SHOPLISTING brass ring (110 gold, have 16).
   787 | D:1      | 787 ||| SHOPLISTING bubbling green potion (19 gold, have
                  | 16).
   787 | D:1      | 787 ||| SHOPLISTING fizzy green potion (19 gold, have 16).
   787 | D:1      | 787 ||| SHOPLISTING garnet ring (110 gold, have 16).
   787 | D:1      | 787 ||| SHOPLISTING scroll labelled KUANWI LIFRORU (22
                  | gold, have 16).
   787 | D:1      | 787 ||| SHOPLISTING smoky brown potion (19 gold, have 16).
   848 | D:1      | Reached skill level 3 in Axes
   848 | D:1      | Reached XP level 2. HP: 17/17 MP: 6/6
   931 | D:1      | Found a faded altar of an unknown god.
  1016 | D:1      | 1016 ||| READING 5 scrolls labelled BOADOVUYMU.
  1017 | D:1      | 1017 ||| READING scroll labelled JOEVVI UROEBE.
  1018 | D:1      | 1018 ||| DRINKING 2 smoky brown potions.
  1019 | D:1      | 1019 ||| DROPPING scroll of blinking.
  1052 | D:2      | 1052 ||| STAIRDANCE
  1346 | D:2      | HP: 2/17 [adder (3)]
  1347 | D:2      | Succumbed to an adder's poison

Levels and vault maps discovered:
D:1:      saegor_arrival_simple_d, layout_loops_cross, serial_shops, shop,
          nicolae_shop_statue_plus, nicolae_shop_advertising_works
          [nicolae_subvault_shop_adworks], nicolae_shop_waterfront,
          shapermc_ecumenical_altar_petra
D:2:      layout_basic, basic_altar

Skill      XL: |  1 |
---------------+----+-----
Axes           | 3 |  3.5
Fighting       | |  2.0
Throwing       | |  1.0
Armour         | |  1.1
Dodging        | |  2.1
Spellcasting   | |  2.0
Translocations | |  2.4

Action                   || total
-------------------------++-------
Melee: Hand axe          ||    47
       Kick              ||    12
       Peck              ||     6
Throw: Boomerang         ||     7
  Use: Scroll            ||     2
       Potion            ||     1
Armor: Leather armour    ||     9
Dodge: Dodged            ||    27

Table legend:
 A = Non-vault XP
 B = Vault XP
 C = Vault XP percentage of total XP
 D = Non-vault monster count
 E = Vault monster count
 F = Vault count percentage of total count
                 A         B        C        D         E       F
            +---------+---------+-------+---------+---------+-------
      Total |      27 |       0 |   0.0 |      16 |       0 |   0.0
            +---------+---------+-------+---------+---------+-------
        D:1 |      13 |       0 |   0.0 |       9 |       0 |   0.0
        D:2 |      14 |       0 |   0.0 |       7 |       0 |   0.0
            +---------+---------+-------+---------+---------+-------
